 Dungeon Crawl Stone Soup version 0.31.0-32-g396128a36d (webtiles) character file.

Game seed: 12562425972679493941

14 PaiMei the Grave Robber (level 2, -5/19 HPs)
             Began as a Demonspawn Necromancer on Mar 29, 2024.
             Slain by a gnoll
             ... wielding a +0 flail
              (7 damage)
             ... on level 1 of the Dungeon.
             The game lasted 00:01:11 (775 turns).

PaiMei the Grave Robber (Demonspawn Necromancer)     Turns: 775, Time: 00:01:11

Health: -5/19      AC:  2    Str:  8    XL:     2   Next: 31%
Magic:  4/5        EV: 12    Int: 15    God:
Gold:   25         SH:  4    Dex: 13    Spells: 4/5 levels left

rFire   . . .        e - +0 falchion
rCold   . . .        (no shield)
rNeg    . . .        a - +0 robe
rPois   .            (no helmet)
rElec   .            (no cloak)
rCorr   .            (no gloves)
SInv    .            (no boots)
Will    .....        (no amulet)
Stlth   ++           (no ring)
HPRegen 0.23/turn    (no ring)
MPRegen 0.09/turn

%: no passive effects
@: no status effects
A: large bone plates 1
a: no special abilities


You were on level 1 of the Dungeon.
You visited 1 branch of the dungeon, and saw 2 of its levels.

You collected 25 gold pieces.

Inventory:

Hand Weapons
 d - a +0 short sword
 e - a +0 falchion (weapon)
Armour
 a - a +0 robe (worn)
Scrolls
 c - 2 scrolls of identify {unknown}
Potions
 b - a potion of magic


   Skills:
 + Level 0.2 Fighting
 + Level 2.0 Dodging
 - Level 2.0 Stealth
 + Level 2.2 Spellcasting
 + Level 4.5 Necromancy


You had 4 spell levels left.
You knew the following spells:

 Your Spells              Type           Power      Damage    Failure   Level
a - Necrotise             Necr           60%        1d7       3%          1

Your spell library contained the following spells:

 Spells                   Type           Power      Damage    Failure   Level
 Vampiric Draining        Necr           15%        2d7       10%         3
 Animate Dead             Necr           15%        N/A       32%         4
 Curse of Agony           Necr           15%        N/A       67%         5


Dungeon Overview and Level Annotations

Branches:
Dungeon (2/15)

Altars:


Innate Abilities, Weirdness & Mutations

You are partially covered in large bone plates. (SH +4)


Message History

You climb upwards.
There is a stone staircase leading down here.
Casting: Necrotise (safe; 3% risk of failure)
Confirm with . or Enter, or press ? or * to list all spells.
Aiming: Necrotise (safe; 3% risk of failure)
Press: ? - help, Shift-Dir - straight line, f - bat
Aim: a bat (chance to affect: 85%)
The bat writhes in agony.
You kill the bat!
The dead are flying!
Casting: Necrotise (safe; 3% risk of failure)
Confirm with . or Enter, or press ? or * to list all spells.
You can't see any susceptible monsters within range! (Use Z to cast anyway.)
You start resting.
Magic restored.
There is a stone staircase leading down here.
You climb downwards.
Your mindless puppet stays behind to rot.
You block the bat's attack. The kobold hits you but does no damage.
The gnoll closely misses you.
There is a stone staircase leading up here.
There are monsters nearby!
Casting: Necrotise (safe; 3% risk of failure)
Confirm with . or Enter, or press ? or * to list all spells.
Aiming: Necrotise (safe; 3% risk of failure)
Press: ? - help, Shift-Dir - straight line, f - kobold
Aim: a kobold, wielding a +0 dagger (chance to affect: 85%)
The kobold writhes in agony.
You kill the kobold!
The dead are walking!
The bat closely misses you. The bat hits you but does no damage.
The gnoll hits you from afar with a +0 spear!
The gnoll hits you with a +0 flail!
Ouch! That really hurt!
* * * LOW HITPOINT WARNING * * *
The bat misses you. You block the gnoll's attack.
You climb upwards.
There is a stone staircase leading down here.
The gnoll attacks as it pursues you! The gnoll hits you with a +0 flail!
You die...

#.##########.# #### #.# #.#
...#####.####### #.#
##.............# #(#
####....#####.####.#
#...............#######
#.....####.###........#
##.>..####.####.#####.#
#..........@g..# #.#
######)...####.###### #.#
..........# #.# #.#
######....# #.# #.#
..........# #.# #.#
######....# #.#
#######.#######
#.##.####.####..............
#.##...........#####.#######
######.########.##### #.# #


You could see a gnoll.

Vanquished Creatures
  2 endoplasms (D:1)
  A giant cockroach (D:1)
  3 goblins (D:1)
  A hobgoblin (D:1)
  A bat (D:1)
  4 kobolds
  2 rats (D:1)
14 creatures vanquished.

Notes
Turn   | Place    | Note
-------+----------+-------------------------------------------
     0 | D:1      | PaiMei the Demonspawn Necromancer began the quest for the
                  | Orb.
     0 | D:1      | Reached XP level 1. HP: 13/13 MP: 3/3
   241 | D:1      | Gained mutation: You are partially covered in large bone
                  | plates. (SH +4) [demonic ancestry]
   241 | D:1      | Reached XP level 2. HP: 19/19 MP: 1/5
   775 | D:1      | Slain by a gnoll

Illustrated notes

Levels and vault maps discovered:
D:1:      minmay_arrival_cross, layout_loops_ring
D:2:      layout_loops_cross, basic_altar, uniq_jessica, uniq_terence,
          uniq_robin

Skill      XL: |  1 |
---------------+----+-----
Stealth        | 2 |  2.0
Dodging        | 2 |  2.0
Fighting       | |  0.2
Spellcasting   | |  2.2
Necromancy     | |  4.5

Action                     || total
---------------------------++-------
  Melee: Unarmed           ||    12
   Cast: Necrotise         ||    16
 Armour: Robe              ||    15
  Dodge: Dodged            ||    18
  Block: Other             ||     2
